 Dungeon Crawl Stone Soup version 0.31-a0-369-g8eba5f6939 (webtiles) character file.

Game seed: 13884040464996484150

229 CraigForest the Slasher (level 6, -1/48 HPs)
             Began as a Formicid Monk on July 28, 2023.
             Slain by a gnoll
             ... wielding a +0 spear
              (3 damage)
             ... on level 2 of the Dungeon.
             The game lasted 00:07:08 (888 turns).

CraigForest the Slasher (Formicid Monk)              Turns: 888, Time: 00:07:09

Health: -1/48      AC:  6    Str: 15    XL:     6   Next: 23%
Magic:  2/6        EV: 10    Int: 10    God:
Gold:   50         SH:  5    Dex: 18    Spells: 5/5 levels left

rFire   + . .        a - +0 falchion
rCold   . . .        f - +0 buckler
rNeg    . . .        h - +0 scale mail
rPois   .            (helmet unavailable)
rElec   .            (no cloak)
rCorr   .            (no gloves)
SInv    +            (no boots)
Will    .....        (no amulet) Stlth
                     j - ring of protection from fire
HPRegen 0.28/turn    (no ring)
MPRegen 0.10/turn

%: clarity
@: no status effects
A: permanent stasis, dig shafts and tunnels, antennae 3, four strong arms,
clarity, high MP 1, wild magic 1, inability to read after injury 1
a: Dig, Shaft Self


You were on level 2 of the Dungeon.
You visited 1 branch of the dungeon, and saw 2 of its levels.

You collected 50 gold pieces.

Inventory:

Hand Weapons
 a - a +0 falchion (weapon)
 e - a +0 mace
 g - a +0 short sword
Armour
 b - a +0 robe
 d - an orb of light
 f - a +0 buckler (worn)
 h - a +0 scale mail (worn)
Magical Staves
 m - a staff of earth
Jewellery
 j - a ring of protection from fire (left hand)
Scrolls
 i - a scroll of torment {unknown}
 n - 2 scrolls of enchant armour {unknown}
Potions
 c - a potion of ambrosia
 k - a potion of might


   Skills:
 + Level 4.2 Fighting
 + Level 5.3 Long Blades
 + Level 2.1 Armour
 - Level 3.0 Dodging
 + Level 1.1 Shields


You had 5 spell levels left.
You didn't know any spells.
Your spell library was empty.

Dungeon Overview and Level Annotations

Branches:
Dungeon (2/15)

Altars:


Innate Abilities, Weirdness & Mutations

You cannot be hasted, slowed, berserked, paralysed or teleported.
You can dig through walls and to a lower floor.
You have a pair of large antennae on your head. (SInv)
Your four strong arms can wield two-handed weapons with a shield.
You possess an exceptional clarity of mind.
You have an increased reservoir of magic. (+10% MP)
Your spells are a little harder to cast, but a little more powerful.
You occasionally lose the ability to read scrolls when taking damage.


Message History

The gnoll shouts!
The gnoll hits you with a +0 club.
You hit the gnoll.
The gnoll is lightly wounded.
You feel sick. The gnoll barely misses you.
You slash the gnoll!
The gnoll is heavily wounded.
You feel sick. The gnoll hits you with a +0 flail!
The gnoll closely misses you.
You hit the gnoll.
The gnoll is heavily wounded.
You feel sick. The gnoll hits you with a +0 flail. The gnoll barely misses you.
The gnoll hits you but does no damage.
You slash the gnoll!
You kill the gnoll!
You feel sick. The gnoll hits you with a +0 flail.
You block the gnoll's attack.
You barely miss the gnoll.
The gnoll is heavily wounded.
You feel sick. The gnoll closely misses you.
You hit the gnoll.
The gnoll is severely wounded.
You feel sick.
You are no longer poisoned.
The gnoll closely misses you. The gnoll hits you with a +0 flail.
* * * LOW HITPOINT WARNING * * *
You hit the gnoll.
The gnoll is almost dead.
The gnoll barely misses you. The gnoll closely misses you.
You closely miss the gnoll.
The gnoll is almost dead.
The gnoll hits you with a +0 flail!
* * * LOW HITPOINT WARNING * * *
The gnoll misses you.
You closely miss the gnoll.
The gnoll is almost dead.
The gnoll hits you with a +0 flail.
* * * LOW HITPOINT WARNING * * *
The gnoll hits you from afar with a +0 spear.
You die...

.# $#.≈# ##.#.≈#
.....≈## ### #....≈≈#
[.. ... #g##.≈≈#####.#
## #.##)##..≈≈≈≈≈#.#≈≈≈≈
#..g@##..≈≈≈≈≈#.#≈≈≈≈
####.:.......≈≈≈≈#.#≈≈≈≈
..............≈≈≈#.#≈≈≈.
#######.####....≈#.#≈...
#......#.........#
######...###.##..# ##)##
#.....# #.# ####..# #.#
##.#


You could see 2 gnolls.

Vanquished Creatures
  Sigmund (D:2)
  A gnoll (D:2)
  2 adders (D:2)
  A bat (D:1)
  3 endoplasms
  A giant cockroach (D:1)
  6 goblins
  A hobgoblin (D:1)
  5 quokkas (D:1)
  3 ball pythons (D:1)
  A frilled lizard (D:2)
  3 kobolds
  2 rats (D:1)
30 creatures vanquished.

Notes
Turn   | Place    | Note
-------+----------+-------------------------------------------
     0 | D:1      | CraigForest the Formicid Monk began the quest for the Orb.
     0 | D:1      | Reached XP level 1. HP: 18/18 MP: 1/1
   110 | D:1      | Reached XP level 2. HP: 21/24 MP: 2/2
   464 | D:1      | Reached XP level 3. HP: 28/30 MP: 3/3
   487 | D:1      | Gained mutation: Your spells are a little harder to cast,
                  | but a little more powerful. [potion of mutation]
   487 | D:1      | Gained mutation: You have an increased reservoir of magic.
                  | (+10% MP) [potion of mutation]
   487 | D:1      | Gained mutation: You occasionally lose the ability to read
                  | scrolls when taking damage. [potion of mutation]
   487 | D:1      | Gained mutation: You possess an exceptional clarity of
                  | mind. [potion of mutation]
   858 | D:2      | Noticed Sigmund
   865 | D:2      | Reached XP level 4. HP: 35/37 MP: 4/4
   874 | D:2      | Killed Sigmund
   875 | D:2      | Reached skill level 5 in Long Blades
   875 | D:2      | Reached skill level 1 in Shields
   875 | D:2      | Reached XP level 5. HP: 36/42 MP: 0/5
   875 | D:2      | Reached XP level 6. HP: 42/48 MP: 0/6
   888 | D:2      | HP: 2/48 [gnoll/+0 flail (4)]
   888 | D:2      | Slain by a gnoll

Illustrated notes

Levels and vault maps discovered:
D:1:      lightli_arrival_chessboard, layout_loops_cross, minmay_curled_crystal
D:2:      layout_loops_ring, serial_shops, nicolae_shop_tiny_real_fake_doors,
          grunt_decor_junction, uniq_sigmund

Skill      XL: |  1  2  3  4 |
---------------+-------------+-----
Fighting       | 4 |  4.2
Long Blades    | 5 |  5.3
Armour         | 2 |  2.1
Dodging        | 3 |  3.0
Shields        | 1 |  1.1

Action                     |  1- 3 |  4- 6 || total
---------------------------+-------+-------++-------
  Melee: Falchion          |    84 |    23 ||   107
    Use: Scroll            |     2 |       ||     2
         Potion            |     1 |       ||     1
   Stab: Sleeping          |     2 |       ||     2
 Armour: Scale mail        |    22 |     1 ||    23
  Dodge: Dodged            |    42 |    13 ||    55
  Block: Buckler           |    16 |     3 ||    19

Table legend: (Time is in decaauts)
 A = Elapsed time spent in this place.
 B = Non-inter-level travel time spent in this place.
 C = Inter-level travel time spent in this place.
 D = Time resting spent in this place.
 E = Time spent auto-exploring this place.
 F = Levels seen in this place.
 G = Mean time per level.
                   A        B        C        D        E       F      G
               +--------+--------+--------+--------+--------+-----+--------+
         Total |    904 |    757 |    147 |      0 |    491 |   2 |  452.0 |
       Dungeon |    904 |    757 |    147 |      0 |    491 |   2 |  452.0 |
               +--------+--------+--------+--------+--------+-----+--------+

Top non-repeatable levels by time:
     D:1: 754 daAuts
     D:2: 149 daAuts
